 Dungeon Crawl Stone Soup version 0.29-a0-11-ga75d3d97ab (webtiles) character file.

Game seed: 15178087418463180062

238 issech the Cudgeller (level 5, -2/53 HPs)
             Began as a Troll Monk on Jan 28, 2022.
             Slain by garo1102's ghost (6 damage)
             ... on level 2 of the Dungeon.
             The game lasted 00:07:26 (2461 turns).

issech the Cudgeller (Troll Monk)                   Turns: 2461, Time: 00:07:27

Health: -2/53      AC:  4    Str: 19    XL:     5   Next: 78%
Magic:  4/4        EV: 10    Int:  6    God:
Gold:   98         SH:  0    Dex: 14    Spells: 4/4 levels left

rFire   . . .      SeeInvis .   a - +0 mace
rCold   . . .      Faith    .   (no shield)
rNeg    + . .      Spirit   .   b - +0 robe
rPois   +          Reflect  .   (helmet restricted)
rElec   .          Harm     .   (no cloak)
rCorr   .          Rampage  .   (gloves unavailable)
Will    .....                   (boots unavailable)
Stlth   ++........              (no amulet)
HPRegen 0.97/turn               g - ring of poison resistance
MPRegen 0.09/turn               o - ring of positive energy

@: no status effects
A: large, unfitting armour, claws 3, regeneration 1, shaggy fur 1, tough skin 1
a: no special abilities


You were on level 2 of the Dungeon.
You visited 1 branch of the dungeon, and saw 3 of its levels.

You collected 98 gold pieces.

Inventory:

Hand Weapons
 a - a +0 mace (weapon)
 f - a +0 hunting sling
 k - a +0 falchion
 q - a +0 hunting sling
Missiles
 e - 116 stones (quivered)
 i - 11 bolts
 m - 42 arrows
 n - 3 poisoned darts
Armour
 b - a +0 robe (worn)
Magical Staves
 d - a staff of earth
Jewellery
 g - a ring of poison resistance (left claw)
 o - a ring of positive energy (right claw)
Scrolls
 c - a scroll of amnesia
 p - a scroll of teleportation
Potions
 j - 2 potions of brilliance
 l - a potion of curing {unknown}


   Skills:
 + Level 3.4 Fighting
 + Level 4.4 Maces & Flails
 + Level 3.1 Dodging
 + Level 1.4 Stealth


You had 4 spell levels left.
You didn't know any spells.
Your spell library contained the following spells:

 Spells                   Type           Power      Damage    Failure   Level
 Ozocubu's Armour         Ice            0%         N/A       83%         3
 Ozocubu's Refrigeration  Ice            0%         4d5       100%        7


Dungeon Overview and Level Annotations

Branches:
Dungeon (3/15)

Altars:
Yredelemnul
Zin

Portals:
Abyss: D:3

Annotations:
D:2 garo1102's ghost, amateur GrFi


Innate Abilities, Weirdness & Mutations

You are too large for most types of armour.
You have claws for hands.
Your natural rate of healing is unusually fast.
You are covered in fur. (AC +1)
You have tough skin. (AC +1)


Message History

Garo1102's ghost shouts, "Death is your only future!"
There is a transporter here.
As you read the scroll labelled YTWARGHEERPHY, it crumbles to dust.
It is a scroll of amnesia.
You feel forgetful for a moment.
As you read the scroll labelled SYAS RIFEMOHID, it crumbles to dust.
It is a scroll of identify.
p - a scroll of teleportation
As you read the scroll of identify, it crumbles to dust.
j - 2 potions of brilliance
There is a transporter here.
You enter the transporter and appear at another place.
There is a transporter here.
You enter the transporter and appear at another place.
Garo1102's ghost hits you!
Garo1102's ghost whispers, "Meet the emptiness of death!"
Garo1102's ghost hits you.
There is a stone staircase leading up here.
Garo1102's ghost hits you!
You hit garo1102's ghost but do no damage.
Garo1102's ghost hits you!
You hit garo1102's ghost but do no damage.
Garo1102's ghost completely misses you. Garo1102's ghost hits you.
You hit garo1102's ghost but do no damage.
Garo1102's ghost barely misses you.
You closely miss garo1102's ghost.
Garo1102's ghost hits you but does no damage.
You hit garo1102's ghost but do no damage.
Garo1102's ghost hits you!
You barely miss garo1102's ghost. Garo1102's ghost hits you!
* * * LOW HITPOINT WARNING * * *
There is a stone staircase leading up here.
Garo1102's ghost barely misses you.
You climb upwards.
There is a stone staircase leading down here.
Garo1102's ghost hits you!
* * * LOW HITPOINT WARNING * * *
There is a stone staircase leading up, spattered with blood here.
Garo1102's ghost hits you.
You die...

..................#
....#########...#.#############
.†......# #...#.............#
........# ###...###########.#
........# #...# #.## ........#
#...# #########..## ........#
#...###...........# ........#
#.W.....≈.≈..≈≈.≈.. ........#
#.@>....≈##'''##..# #########
###.###.##.≈≈≈.##≈#
#.###.#.≈≈≈≈.≈#.#
#.#.≈.#≈≈≈..≈≈#≈.
#.#≈###≈≈....≈#≈#
#.#.#.≈≈.≈_.≈≈≈.#
#^#.#8.#≈≈####≈8#
#.#≈####.≈.≈.≈#≈#
#.#≈............≈


You could see garo1102's ghost.

Vanquished Creatures
  Sigmund (D:3)
  2 adders
  2 worms (D:2)
  2 dart slugs
  An orc (D:3)
  A bat (D:1)
  8 endoplasms
  3 giant cockroaches
  7 goblins
  3 hobgoblins
  2 jackals (D:3)
  A kobold (D:1)
  4 quokkas
  4 ball pythons
  2 frilled lizards (D:2)
  3 rats
  A spectral hobgoblin (D:2)
47 creatures vanquished.

Notes
Turn   | Place    | Note
-------+----------+-------------------------------------------
     0 | D:1      | issech the Troll Monk began the quest for the Orb.
     0 | D:1      | Reached XP level 1. HP: 22/22 MP: 0/0
   285 | D:1      | Reached skill level 3 in Maces & Flails
   285 | D:1      | Reached XP level 2. HP: 29/29 MP: 1/1
  1044 | D:2      | Reached XP level 3. HP: 36/36 MP: 2/2
  1425 | D:2      | Found a glowing silver altar of Zin.
  1523 | D:2      | Found a faded altar of an unknown god.
  1619 | D:3      | Found a one-way gate to the infinite horrors of the Abyss.
  1619 | D:3      | Noticed garo1102's ghost (amateur GrFi)
  1620 | D:3      | Found a transporter.
  1621 | D:3      | Noticed a small abomination
  1656 | D:3      | Found a transporter.
  1672 | D:3      | Noticed Sigmund
  1769 | D:3      | Killed Sigmund
  1770 | D:3      | Reached skill level 4 in Maces & Flails
  1770 | D:3      | Reached XP level 4. HP: 26/45 MP: 3/3
  1770 | D:3      | Reached XP level 5. HP: 30/53 MP: 4/4
  2115 | D:3      | Found a basalt altar of Yredelemnul.
  2461 | D:2      | Slain by garo1102's ghost

Illustrated notes

Levels and vault maps discovered:
D:1:      erik_arrival_cave_to_civilisation [erik_arrival_cave_to_hall],
          layout_basic, minmay_misc_feat_rows
D:2:      layout_basic, dreamdust_ecumenical_altar_drowned_temple, basic_altar
D:3:      layout_loops_ring, mainiacjoe_overflow_tiny_flanked,
          gammafunk_ghost_abyssal_escape, minmay_goblin_outpost, uniq_sigmund

Skill      XL: |  1  2  3 |
---------------+----------+-----
Maces & Flails | 3 4 |  4.4
Fighting       | 3 |  3.4
Dodging        | 3 |  3.1
Stealth        | |  1.4

Action                   |  1- 3 |  4- 6 || total
-------------------------+-------+-------++-------
Melee: Mace              |   120 |    60 ||   180
       Punch             |     3 |     1 ||     4
  Use: Scroll            |       |     3 ||     3
 Stab: Sleeping          |     2 |       ||     2
Armor: Robe              |    43 |    22 ||    65
Dodge: Dodged            |    81 |    32 ||   113

Table legend: (Time is in decaauts)
 A = Elapsed time spent in this place.
 B = Non-inter-level travel time spent in this place.
 C = Inter-level travel time spent in this place.
 D = Time resting spent in this place.
 E = Time spent auto-exploring this place.
 F = Levels seen in this place.
 G = Mean time per level.
                   A        B        C        D        E       F      G
               +--------+--------+--------+--------+--------+-----+--------+
         Total |   2510 |   2368 |    142 |      9 |   1286 |   3 |  836.7 |
       Dungeon |   2510 |   2368 |    142 |      9 |   1286 |   3 |  836.7 |
               +--------+--------+--------+--------+--------+-----+--------+

Top non-repeatable levels by time:
     D:1: 995 daAuts
     D:3: 857 daAuts
     D:2: 656 daAuts
